 Dungeon Crawl Stone Soup version 0.19.4-9-g45fd643 (webtiles) character file.

376 Haunta the Cutter (level 6, -12/55 HPs)
             Began as a Draconian Berserker on Feb 18, 2017.
             Was a Follower of Dithmenos.
             Mangled by an ogre
             ... wielding a +0 giant club
              (14 damage)
             ... on level 4 of the Dungeon.
             The game lasted 00:28:29 (4321 turns).

Haunta the Cutter (Draconian Berserker)             Turns: 4321, Time: 00:28:30

Health: -12/55     AC:  6    Str: 21    XL:     6   Next: 44%
Magic:  6/6        EV: 12    Int:  7    God:    Dithmenos [*.....]
Gold:   272        SH:  0    Dex: 11    Spells: 0 memorised, 5 levels left

rFire  . . .     SeeInvis .     a - +0 short sword
rCold  . . .     Gourm    .     (armour unavailable)
rNeg   . . .     Faith    .     (no shield)
rPois  .         Spirit   .     (helmet restricted)
rElec  .         Reflect  .     (no cloak)
rCorr  .         Harm     .     (no gloves)
MR     +....                    (no boots)
Stlth  +.........               (no amulet)
                                (no ring)
                                s - ring of protection from magic

@: about to teleport, wreathed by umbra, heavily drained
A: unfitting armour, cold-blooded, AC +6
a: Renounce Religion


You were on level 4 of the Dungeon.
You worshipped Dithmenos.
Dithmenos was aware of your devotion.
You were not hungry.

You visited 1 branch of the dungeon, and saw 6 of its levels.

You collected 272 gold pieces.

Inventory:

Hand Weapons
 a - a +0 short sword (weapon)
Jewellery
 s - a ring of protection from magic (left hand)
Scrolls
 d - 4 scrolls of remove curse
 f - a scroll of identify
 q - a scroll of teleportation
Potions
 c - a potion of lignification {unknown}
 e - a potion of resistance {unknown}
 g - a potion of heal wounds {unknown}
 h - a potion of invisibility {unknown}
 i - 2 potions of agility
 k - a potion of curing {unknown}
 m - a potion of mutation {unknown}
 n - a potion of ambrosia {unknown}
 t - a potion of cure mutation {unknown}
Comestibles
 b - a bread ration
 l - a fruit
 r - a beef jerky


   Skills:
 + Level 4.9(3.6) Fighting
 + Level 5.4(4.1) Short Blades
 + Level 3.8(2.6) Dodging
 + Level 1.4(0.2) Stealth


You had 5 spell levels left.
You didn't know any spells.

Dungeon Overview and Level Annotations

Branches:
Dungeon (6/15)
 Temple: D:4-7

Altars:
Dithmenos
Hepliaklqana
Ru
Uskayaw

Shops:
D:5 (


Innate Abilities, Weirdness & Mutations

Your plain brown scales are hard. (AC +6)
You cannot fit into any form of body armour.
You are cold-blooded and may be slowed by cold attacks.


Message History

You feel sick.
An ogre comes into view. It is wielding a giant club.
You feel sick.
The ogre shouts!
You hit the ogre but do no damage. The ogre closely misses you.
You hit the ogre but do no damage.
You feel sick.
You are no longer poisoned.
You hit the ogre but do no damage.
You tail-slap the ogre, but do no damage.
The ogre hits you with a giant club!
You hit the ogre.
The ogre is lightly wounded.
You hit the ogre.
The ogre is moderately wounded.
The ogre hits you with a giant club!!
* * * LOW HITPOINT WARNING * * *
Okay, then.
As you read the scroll of teleportation, it crumbles to dust.
You feel strangely unstable. The ogre hits you with a giant club!
You die...

#...†........#
##....########
##.#.### #.?...#
###.#.# #.#.#
#.#.# #O#.# #
#@#.# #.. . #.#.#
#.# # #.#.# #.# #
#.#.# #.# # #.#.#
#.#### #.#.#
#.....
#.#.#########.# #
#.#...........####
##########...>..


You could see an ogre.

Vanquished Creatures
  A howler monkey (D:4)
  A crimson imp (D:5)
  A jelly (D:5)
  2 worker ants
  Natasha (D:4)
  An orc wizard (D:4)
  A gnoll (D:1)
  8 adders
  An ooze (D:3)
  2 adder skeletons (D:5)
  A worm (D:3)
  2 leopard geckos
  7 orcs
  2 giant cockroaches (D:1)
  9 goblins
  6 hobgoblins
  4 jackals
  6 quokkas
  5 bats
  4 frilled lizards
  8 kobolds
  7 rats
80 creatures vanquished.

Notes
Turn   | Place    | Note
-------+----------+-------------------------------------------
     0 | D:1      | Haunta the Draconian Berserker began the quest for the Orb.
     0 | D:1      | Reached XP level 1. HP: 19/19 MP: 1/1
   105 | D:1      | Reached XP level 2. HP: 20/27 MP: 2/2
   693 | D:2      | Reached XP level 3. HP: 32/33 MP: 3/3
   780 | D:2      | Reached ** piety under Trog
   795 | D:2      | Found a shadowy altar of Dithmenos.
  1164 | D:2      | Reached XP level 4. HP: 24/40 MP: 4/4
  1555 | D:3      | Found a hide-covered altar of Uskayaw.
  1952 | D:3      | Reached skill level 4 in Short Blades
  2030 | D:3      | Found a sacrificial altar of Ru.
  2608 | D:4      | Noticed a phantom
  2965 | D:4      | Reached XP level 5. HP: 41/47 MP: 5/5
  3223 | D:4      | Reached skill level 1 in Stealth
  3269 | D:4      | Noticed Natasha
  3275 | D:5      | Entered Level 5 of the Dungeon
  3622 | D:5      | Reached XP level 6. HP: 23/55 MP: 6/6
  3758 | D:5      | Found Melocoet's Antique Weapon Emporium.
  3823 | D:5      | Reached skill level 5 in Short Blades
  3845 | D:5      | Found a faded altar of an unknown god.
  3845 | D:5      | Found a faded altar of an unknown god.
  3852 | D:5      | Found a faded altar of an unknown god.
  3857 | D:5      | Found a hazy altar of Hepliaklqana.
  3858 | D:5      | Found a faded altar of an unknown god.
  3878 | D:5      | Fell from the grace of Trog
  3878 | D:5      | Became a worshipper of Dithmenos the Shadowed
  3878 | D:5      | Reached * piety under Dithmenos
  4189 | D:4      | Killed Natasha
  4318 | D:4      | HP: 1/55 [ogre/giant club (23)]
  4321 | D:4      | Mangled by an ogre

Skill      XL: |  1  2  3  4  5  6 |
---------------+-------------------+-----
Fighting       | 4 |  4.9
Dodging        | 3 |  3.8
Short Blades   | 4 5 |  5.4
Stealth        | 1 |  1.4

Action                   |  1- 3 |  4- 6 || total
-------------------------+-------+-------++-------
Melee: Short sword       |   131 |   281 ||   412
       Tailslap          |    12 |    33 ||    45
Invok: Burn Spellbooks   |       |     1 ||     1
       Trog's Hand       |       |     1 ||     1
  Use: Scroll            |       |     9 ||     9
       Potion            |       |     4 ||     4
  Eat: Bread ration      |       |     3 ||     3
       Fruit             |       |     1 ||     1
Armor: Skin              |    43 |    91 ||   134
Dodge: Dodged            |    74 |   147 ||   221
